 Dungeon Crawl Stone Soup version 0.19-a0-1626-g5215c36 (webtiles) character file.

46 wazuzu the Conjurer (level 3, 7/29 HPs)
             Began as a Draconian Wanderer on Sept 18, 2016.
             Quit the game on level 2 of the Dungeon.
             The game lasted 00:04:07 (1299 turns).

wazuzu the Conjurer (Draconian Wanderer)            Turns: 1299, Time: 00:04:08

Health: 7/29       AC:  5    Str: 12    XL:     3   Next: 44%
Magic:  6/6        EV: 11    Int: 12    God:
Gold:   34         SH:  0    Dex: 13    Spells: 1 memorised, 6 levels left

rFire  . . .     SeeInvis .     b - +1 spear
rCold  . . .     Gourm    .     (armour unavailable)
rNeg   . . .     Faith    .     (no shield)
rPois  .         Spirit   .     (helmet restricted)
rElec  .         Dismiss  .     (no cloak)
rCorr  .         Reflect  .     (no gloves)
MR     .....     Harm     .     (no boots)
Stlth  ++........               (no amulet)
                                (no ring)
                                (no ring)

@: no status effects
A: unfitting armour, cold-blooded, AC +5
a: no special abilities


You were on level 2 of the Dungeon.
You were not hungry.

You visited 1 branch of the dungeon, and saw 2 of its levels.

You collected 34 gold pieces.

Inventory:

Hand Weapons
 b - a +1 spear (weapon)
Jewellery
 d - an uncursed amulet of faith {unknown}
 i - an uncursed ring of positive energy {unknown}
 m - a +2 ring of dexterity {unknown}
Scrolls
 e - a scroll of amnesia {unknown}
Potions
 c - 2 potions of curing
 h - a potion of berserk rage {unknown}
 k - a potion of might {unknown}
Books
 a - a book of Minor Magic

   Spells                             Type                      Level
   a - Magic Dart                     Conjuration                  1
   b - Blink                          Translocation                2
   c - Call Imp                       Summoning                    2
   d - Repel Missiles                 Charms/Air                   2
   e - Slow                           Hexes                        2
   f - Conjure Flame                  Conjuration/Fire             3
   g - Mephitic Cloud                 Conjuration/Poison/Air       3
Comestibles
 f - 2 bread rations
 g - 3 chunks of flesh
 j - 5 fruits
 l - a slice of pizza


   Skills:
 - Level 2.1 Fighting
 - Level 1.0 Throwing
 - Level 1.7 Stealth
 + Level 2.5 Spellcasting
 * Level 2.6 Conjurations
   Level 1.0 Charms
   Level 2.0 Earth Magic


You had 6 spell levels left.
You knew the following spells:

 Your Spells              Type           Power        Failure   Level  Hunger
a - Magic Dart            Conj           #...         12%         1    #......


Dungeon Overview and Level Annotations

Branches:
Dungeon (2/15)

Altars:


Innate Abilities, Weirdness & Mutations

Your plain brown scales are hard. (AC +5)
Your body does not fit into most forms of armour.
You are cold-blooded and may be slowed by cold attacks.


Message History

The kobold is severely wounded.
The kobold barely misses you.
You hit the kobold.
You kill the kobold!
The kobold hits you with a club.
You hit the kobold but do no damage.
You tail-slap the kobold, but do no damage.
The kobold hits you with a club.
* * * LOW HITPOINT WARNING * * *
You are too injured to fight recklessly!
You are too injured to fight recklessly!
You are too injured to fight recklessly!
You are too injured to fight recklessly!
You are too injured to fight recklessly!
You are too injured to fight recklessly!
You completely miss the kobold. The kobold barely misses you.
You hit the kobold. You tail-slap the kobold.
You kill the kobold!
You see here a club.
Are you sure you want to abandon this character and quit the game? (Confirm with "yes".)

.# ###.# !.#.#
##.#.### ......###
#.#.#... ##
#)†..###### #.
#.........###.####.
##@..####..........
##.## ###.##### #.#
#.####. #.# #......
#.# #####. #.# ##
#†# # #.# # #.#
#########


There were no monsters in sight!

Vanquished Creatures
  An adder (D:2)
  A worm (D:2)
  A dart slug (D:1)
  5 bats
  2 giant cockroaches
  3 goblins
  2 hobgoblins
  2 jackals (D:1)
  4 kobolds
  2 quokkas (D:2)
  3 frilled lizards (D:1)
  3 rats (D:1)
29 creatures vanquished.

Notes
Turn   | Place    | Note
-------+----------+-------------------------------------------
     0 | D:1      | wazuzu the Draconian Wanderer began the quest for the Orb.
     0 | D:1      | wazuzu set off with: a book of Minor Magic, a +0 spear, a potion of lignification, a +0 dagger, a bread ration
     0 | D:1      | Reached XP level 1. HP: 17/17 MP: 3/3
     2 | D:1      | Learned a level 1 spell: Magic Dart
     4 | D:1      | Noticed a ghoul
     4 | D:1      | Noticed a halfling
     6 | D:1      | Noticed a formicid
     8 | D:1      | Noticed a naga
     8 | D:1      | Noticed an ogre
    10 | D:1      | Noticed a merfolk
    10 | D:1      | Noticed a demigod
    12 | D:1      | Noticed a minotaur
    12 | D:1      | Noticed a centaur
    14 | D:1      | Noticed a dwarf
    14 | D:1      | Noticed an elf
    16 | D:1      | Noticed a gargoyle
    16 | D:1      | Noticed a tengu
    18 | D:1      | Noticed an octopode
    20 | D:1      | Noticed a troll
    20 | D:1      | Noticed a human
    22 | D:1      | Noticed a vine stalker
    24 | D:1      | Noticed a vampire
    26 | D:1      | Noticed a felid
    26 | D:1      | Noticed a demonspawn
    28 | D:1      | Noticed a draconian
    28 | D:1      | Noticed a spriggan
   157 | D:1      | Reached skill level 1 in Conjurations
   219 | D:1      | Reached XP level 2. HP: 8/24 MP: 5/5
   231 | D:1      | HP: 1/36 [jackal (1)]
  1191 | D:2      | Reached XP level 3. HP: 29/29 MP: 6/6
  1299 | D:2      | Quit the game

Vault maps used:
D:1:      kb_arrival_jail, serial_bayou, serial_bayou_lagoon_b,
          serial_bayou_pond_e, serial_bayou_pond_e, serial_bayou_lagoon_a

Skill      XL: |  1  2 |
---------------+-------+-----
Conjurations   | 1 2 |  2.6
Fighting       | |  2.1
Throwing       | |  1.0
Stealth        | |  1.7
Spellcasting   | |  2.5
Charms         | |  1.0
Earth Magic    | |  2.0

Action                   || total
-------------------------++-------
Melee: Spear             ||   100
       Tailslap          ||     7
 Cast: Magic Dart        ||     4
  Use: Scroll            ||     8
       Potion            ||     1
 Stab: Sleeping          ||     1
  Eat: Chunk             ||     1
Armor: Skin              ||    57
Dodge: Dodged            ||    60
